 Dungeon Crawl Stone Soup version 0.30-a0-920-g7493c07aab (webtiles) character file.

Game seed: 17041661008818760704

38 cforsyth the Trooper (level 3, -5/30 HPs)
             Began as a Human Fighter on Mar 21, 2023.
             Killed from afar by Natasha (7 damage)
             ... with a magic dart
             ... on level 2 of the Dungeon.
             The game lasted 00:02:03 (939 turns).

cforsyth the Trooper (Human Fighter)                 Turns: 939, Time: 00:02:04

Health: -5/30      AC:  6    Str: 18    XL:     3   Next: 65%
Magic:  3/3        EV:  9    Int:  8    God:
Gold:   65         SH:  4    Dex: 12    Spells: 2/2 levels left

rFire   . . .      SeeInvis .    a - +0 flail
rCold   . . .      Faith    .    c - +0 buckler
rNeg    . . .      Spirit   .    b - +0 scale mail
rPois   .          Reflect  .    (no helmet)
rElec   .          Rampage  .    (no cloak)
rCorr   .                        (no gloves)
Will    .....                    (no boots) Stlth
                                 (no amulet)
HPRegen 0.25/turn                (no ring)
MPRegen 0.08/turn                (no ring)

@: slowed, very slow
A: no striking features
a: no special abilities


You were on level 2 of the Dungeon.
You visited 1 branch of the dungeon, and saw 2 of its levels.

You collected 65 gold pieces.

Inventory:

Hand Weapons
 a - a +0 flail (weapon)
Missiles
 i - 2 throwing nets (quivered)
Armour
 b - a +0 scale mail (worn)
 c - a +0 buckler (worn)
Scrolls
 g - a scroll of teleportation {unknown}
 j - a scroll of identify {unknown}
Potions
 d - a potion of might
 e - a potion of degeneration {unknown}
 f - a potion of lignification {unknown}
 h - a potion of invisibility {unknown}


   Skills:
 + Level 3.7 Fighting
 + Level 3.0 Maces & Flails
 - Level 3.0 Armour
 - Level 3.0 Shields


You had 2 spell levels left.
You didn't know any spells.
Your spell library was empty.

Dungeon Overview and Level Annotations

Branches:
Dungeon (2/15)

Altars:

Annotations:
D:2 Natasha, Robin, Terence


Message History

Natasha extends her claws.
The crimson imp barely misses you.
You hit the crimson imp.
The crimson imp is heavily wounded.
The crimson imp hits you.
You barely miss the crimson imp.
The crimson imp is heavily wounded.
The crimson imp disappears in a puff of smoke!
Natasha stares at you and mumbles some strange words.
The magic dart hits you.
You closely miss the crimson imp.
Natasha seems less brilliant.
You block the crimson imp's attack.
Natasha drinks a potion.
Natasha's spells are empowered!
The crimson imp hits you.
You closely miss the crimson imp.
Natasha mumbles some strange words.
The crimson imp hits you.
You closely miss the crimson imp.
The crimson imp hits you but does no damage.
The crimson imp blinks!
You hit the crimson imp.
The crimson imp is lightly wounded.
The crimson imp hits you but does no damage.
The crimson imp disappears in a puff of smoke!
The white imp grins evilly.
The crimson imp attacks as you move away!
The crimson imp barely misses you.
A dart slug comes into view.
The crimson imp blinks!
The dart slug launches a dart at you. The slug dart hits you.
Natasha stares at you and mumbles some strange words.
You feel yourself slow down. The white imp gestures at you.
The puff of frost hits you!
Natasha stares at you and mumbles some strange words.
The magic dart hits you!
* * * LOW HITPOINT WARNING * * *
Natasha casts a spell at you. The magic dart hits you!
You die...

... ## .. ## #. #.
#.# ..##. #.#..
#.... ..w
#....####.#
.........###
.##.....<.# .
.##$###.....@.# ..
..........5...#
... ..####.......#
.... #.......#
..... #h§.....#
......####5......#
......5...!......#
...#.####.########
.....


You could see Natasha (empowered), a crimson imp (summoned) and a white imp
(summoned).

Vanquished Creatures
  3 ball pythons (D:1)
  6 bats
  An endoplasm (D:1)
  9 goblins (D:1)
  3 hobgoblins (D:1)
  4 quokkas (D:1)
  2 frilled lizards (D:1)
  3 kobolds
  4 rats (D:1)
35 creatures vanquished.

Notes
Turn   | Place    | Note
-------+----------+-------------------------------------------
     0 | D:1      | cforsyth the Human Fighter began the quest for the Orb.
     0 | D:1      | Reached XP level 1. HP: 18/18 MP: 1/1
    67 | D:1      | Reached XP level 2. HP: 20/24 MP: 2/2
   275 | D:1      | Reached XP level 3. HP: 28/29 MP: 3/3
   808 | D:2      | Noticed Robin
   839 | D:2      | Noticed Terence
   913 | D:2      | Noticed Natasha
   939 | D:2      | Killed from afar by Natasha

Illustrated notes

Levels and vault maps discovered:
D:1:      lemuel_arrival_cross, layout_loops_ring, minmay_octomino_e4
D:2:      layout_rooms, serial_shops, nicolae_shop_advertising_works
          [nicolae_subvault_shop_adworks], due_unseen_surprise, uniq_robin,
          uniq_natasha, uniq_terence, uniq_jessica

Skill      XL: |  1  2  3 |
---------------+----------+-----
Maces & Flails | 3 |  3.0
Fighting       | |  3.7
Armour         | |  3.0
Shields        | |  3.0

Action                     || total
---------------------------++-------
  Melee: Flail             ||   118
 Armour: Scale mail        ||    59
  Dodge: Dodged            ||    56
  Block: Buckler           ||    35

Table legend: (Time is in decaauts)
 A = Elapsed time spent in this place.
 B = Non-inter-level travel time spent in this place.
 C = Inter-level travel time spent in this place.
 D = Time resting spent in this place.
 E = Time spent auto-exploring this place.
 F = Levels seen in this place.
 G = Mean time per level.
                   A        B        C        D        E       F      G
               +--------+--------+--------+--------+--------+-----+--------+
         Total |    977 |    968 |      9 |     47 |    656 |   2 |  488.5 |
       Dungeon |    977 |    968 |      9 |     47 |    656 |   2 |  488.5 |
               +--------+--------+--------+--------+--------+-----+--------+

Top non-repeatable levels by time:
     D:1: 918 daAuts
     D:2: 59 daAuts
